 Seeded DCSS version 0.24.1-8-ga250c9d538 (webtiles) character file.

Game seed: 16822949236002016354, levelgen mode: deterministic

792 Masnef the Sneak (level 7, -8/45 HPs)
             Began as an Octopode Enchanter on Apr 29, 2020.
             Mangled by a centaur
             ... wielding a +0 spear
              (13 damage)
             ... on level 5 of the Dungeon.
             The game lasted 00:12:16 (5317 turns).

Masnef the Sneak (Octopode Enchanter)               Turns: 5317, Time: 00:12:16

Health: -8/45      AC:  1    Str:  7    XL:     7   Next: 88%
Magic:  10/10      EV: 14    Int: 20    God:
Gold:   173        SH:  0    Dex: 12    Spells: 1/10 levels left

rFire    . . .     SeeInvis .   f - +4 short sword (venom)
rCold    . . .     Gourm    .   (no shield)
rNeg     . . .     Faith    .   (helmet restricted)
rPois    .         Spirit   .   (no amulet)
rElec    .         Reflect  .   (no ring)
rCorr    .         Harm     .   (no ring)
MR       .....                  (no ring)
Stlth    ++++......             (no ring)
HPRegen  0.15/turn              (no ring)
MPRegen  0.12/turn              (no ring)
                                (no ring)
                                (no ring)

@: hasted, very quick
A: almost no armour, stealthy swim, amphibious, 8 rings, constrict 8, camouflage
1, gelatinous body 1
a: no special abilities


You were on level 5 of the Dungeon.
You were not hungry.

You visited 1 branch of the dungeon, and saw 5 of its levels.

You collected 173 gold pieces.

Inventory:

Hand Weapons
 a - a +1 dagger
 f - a +4 short sword of venom (weapon)
 l - a +0 dagger of holy wrath
 w - a +1 hunting sling of freezing
Missiles
 i - a throwing net (quivered)
 m - 124 stones
 y - 57 sling bullets
Jewellery
 x - an uncursed ring of flight {unknown}
Wands
 q - a wand of paralysis (8)
Scrolls
 b - a scroll of amnesia {unknown}
 d - 7 scrolls of identify
 e - a scroll of fog {unknown}
 g - a scroll of enchant armour
 h - a scroll of enchant weapon {unknown}
 j - a scroll of random uselessness {unknown}
 k - 4 scrolls of remove curse
 s - a scroll of teleportation {unknown}
 u - 3 scrolls of fear {unknown}
 v - a scroll of blinking {unknown}
 A - a scroll of acquirement {unknown}
Potions
 n - a potion of resistance
 p - a potion of heal wounds
 r - a potion of berserk rage {unknown}
 t - a potion of might {unknown}
Comestibles
 c - 10 rations
 z - 4 chunks of flesh


   Skills:
 * Level 2.4 Fighting
 * Level 5.1 Short Blades
 * Level 3.1 Dodging
 + Level 6.7 Stealth
 + Level 2.2 Spellcasting
 - Level 1.0 Conjurations
 * Level 4.5 Hexes
 - Level 1.0 Ice Magic


You had one spell level left.
You knew the following spells:

 Your Spells              Type           Power        Failure   Level  Hunger
a - Corona                Hex            ###....      2%          1    #......
b - Ensorcelled Hibernat  Hex/Ice        ##....       8%          2    ##.....
c - Confuse               Hex            ###.....     7%          3    ###....
d - Dazzling Spray        Conj/Hex       ##....       16%         3    ###....

Your spell library contained the following spells:

 Spells                   Type           Power        Failure   Level  Hunger
 Summon Small Mammal      Summ           #...         16%         1    #......
 Tukima's Dance           Hex            ###.....     7%          3    ###....
 Summon Guardian Golem    Hex/Summ       ##......     19%         3    ###....
 Call Imp                 Summ           #.......     24%         2    ##.....
 Call Canine Familiar     Summ           #.......     43%         3    ###....
 Summon Ice Beast         Ice/Summ       #.......     77%         4    #####..
 Summon Lightning Spire   Summ/Air       #.......     83%         4    #####..


Dungeon Overview and Level Annotations

Branches:
Dungeon (5/15)
 Temple: D:4-7

Altars:
Elyvilon
Makhleb
Okawaru
Sif Muna
Wu Jian


Innate Abilities, Weirdness & Mutations

You cannot wear most types of armour.
You are very stealthy in the water. (Stealth+)
You are amphibious.
You can wear up to eight rings at the same time.
You can use your tentacles to constrict eight enemies at once.
Your skin changes colour to match your surroundings (Stealth+).
Your rubbery body absorbs attacks. (AC +1, EV +1)


Message History

The centaur hits you with a +0 spear!
Items here: $ )) [ a +0 flail; a cursed -3 hunting sling; a +0 ring mail; 15 gold pieces The centaur hits you but does no damage.
The centaur hits you with a +0 spear! x2
* * * LOW HITPOINT WARNING * * *
Casting: Ensorcelled Hibernation (safe; 8% risk of failure)
Confirm with . or Enter, or press ? or * to list all spells.
Okay, then.
You feel yourself speed up. The centaur misses you.
The centaur barely misses you. The centaur barely misses you.
The centaur hits you but does no damage.
The centaur rages.
The centaur hits you with a +0 spear.
* * * LOW HITPOINT WARNING * * *
The centaur hits you but does no damage.
The centaur rages.
The centaur hits you with a +0 spear!
You die...

#.....#.#.≈≈...#..≈≈)≈≈≈.≈...#
#..##.#.#≈.≈≈###.#..≈≈≈)≈....#
#.###.#.#≈.#≈###.#.#.≈≈≈.....#
#.# #.#≈≈≈##≈≈##.#.##≈♣≈≈.≈≈.#
..# #.#.##.##≈##.#.♣≈≈≈≈≈≈≈..#
#####.#...≈..≈...##.#........#
......###≈≈####..##..........#
..######≈≈##.##.c###...........
........≈......≈@# #.........#.
..#####..#.#.#≈≈≈# .........
..# ######.##..# #........ .##
#.##..####........ .#
#.##....).>##.###. .#
#.##.####### .# #.#... .#
#.#### .# #.#


You could see a centaur (berserk).

Vanquished Creatures
  A sky beast (D:5)
  A phantom (D:4)
  2 ogres
  A water moccasin skeleton (D:4)
  A crimson imp (D:5)
  An orc priest (D:3)
  An iguana (D:5)
  3 worker ants
  7 gnolls
  5 adders
  3 oozes
  2 worms
  3 dart slugs
  2 leopard geckos
  10 orcs
  3 ball pythons
  5 giant cockroaches
  9 goblins
  8 hobgoblins
  8 jackals
  5 quokkas
  4 bats
  3 frilled lizards (D:3)
  3 jackal skeletons (D:5)
  A jackal zombie (D:5)
  5 kobolds
  A quokka skeleton (D:4)
  8 rats
106 creatures vanquished.

Notes
Turn   | Place    | Note
-------+----------+-------------------------------------------
     0 | D:1      | Masnef the Octopode Enchanter began the quest for the Orb.
     0 | D:1      | Reached XP level 1. HP: 11/11 MP: 3/3
   154 | D:1      | Reached XP level 2. HP: 17/17 MP: 5/5
   190 | D:1      | Learned a level 2 spell: Ensorcelled Hibernation
   455 | D:1      | Reached XP level 3. HP: 12/21 MP: 3/6
   730 | D:1      | Learned a level 3 spell: Confuse
  1498 | D:2      | Found a burning altar of Makhleb.
  1888 | D:2      | Reached XP level 4. HP: 27/27 MP: 7/7
  1957 | D:2      | Reached skill level 5 in Stealth
  2211 | D:2      | Found a shimmering blue altar of Sif Muna.
  2241 | D:2      | Reached XP level 5. HP: 32/32 MP: 8/8
  2262 | D:2      | Found an ornate altar of the Wu Jian Council.
  2776 | D:3      | Reached skill level 1 in Fighting
  3135 | D:3      | Reached XP level 6. HP: 34/38 MP: 9/9
  3356 | D:4      | Reached skill level 6 in Stealth
  3685 | D:4      | Noticed a phantom
  3698 | D:4      | Killed a phantom
  3905 | D:4      | Reached XP level 7. HP: 44/44 MP: 10/10
  4179 | D:4      | Learned a level 3 spell: Dazzling Spray
  4504 | D:5      | Entered Level 5 of the Dungeon
  4506 | D:5      | Found an iron altar of Okawaru.
  4587 | D:5      | Found a white marble altar of Elyvilon.
  4730 | D:5      | Reached skill level 5 in Short Blades
  5145 | D:5      | Reached skill level 1 in Conjurations
  5265 | D:5      | Reached skill level 1 in Ice Magic
  5317 | D:5      | Mangled by a centaur

Levels and vault maps discovered:
D:1:      grunt_arrival_lava_bath, layout_basic
D:2:      layout_basic, lemuel_round_altar, old_standard_altar,
          lemuel_doored_altar
D:3:      layout_basic, first_ration
D:4:      wad_woods_tower, layout_basic
D:5:      layout_basic, old_standard_altar, lemuel_round_altar, okawaru_trees_2,
          serial_rivers, chequers_serial_rivers_room_b,
          chequers_serial_rivers_room_a, chequers_serial_rivers_marsh,
          chequers_serial_rivers_room_b, chequers_serial_rivers_small_b

Skill      XL: |  1  2  3  4  5  6  7 |
---------------+----------------------+-----
Short Blades   | 2 3 4 5 |  5.1
Stealth        | 5 6 |  6.7
Hexes          | 4 |  4.5
Fighting       | 1 2 |  2.4
Dodging        | 3 |  3.1
Conjurations   | 1 |  1.0
Ice Magic      | 1 |  1.0
Spellcasting   | |  2.2

Action                   |  1- 3 |  4- 6 |  7- 9 || total
-------------------------+-------+-------+-------++-------
Melee: Dagger            |    54 |       |       ||    54
       Tentacles         |    11 |    16 |     5 ||    32
       Constrict         |    15 |    16 |    11 ||    42
       Short sword       |    21 |   101 |    35 ||   157
 Cast: Corona            |     2 |       |       ||     2
       Ensorcelled Hiber |     3 |     7 |     5 ||    15
       Confuse           |       |     2 |       ||     2
  Use: Scroll            |       |     5 |       ||     5
       Potion            |       |       |     1 ||     1
 Stab: Sleeping          |    10 |    13 |     6 ||    29
       Confused          |       |     1 |       ||     1
  Eat: Chunk             |     3 |     8 |     4 ||    15
Armor: Skin              |     3 |     7 |     3 ||    13
Dodge: Dodged            |    43 |    46 |    19 ||   108
